Map: Solaris LE

Players

move (MilkiCow)

  • Race: Terran Terran
  • League: Grandmaster
  • Spawn Location: 1:00

MaxPax - Winner!

  • Race: Protoss Protoss
  • League: Grandmaster
  • Spawn Location: 7:00

VOD

Have the link to the VOD?

Description

Time

  • Played on: Nov. 21, 2023, 9:16 a.m.
  • Length: 11:03
Show
View Real Time Build Order
Export as new Build Order

move Terran 

Build Orders: 1/1/1, Widow Mine Drop 

Get SALT Encoding   

  12  0:00  SCV  
  13  0:12  SCV  
  14  0:17  Supply Depot  
  14  0:24  SCV  
  15  0:38  SCV  
  16  0:43  Barracks  
  16  0:48  Refinery  
  16  0:50  SCV  
  16  0:55  Refinery  
  17  1:02  SCV  
  18  1:15  SCV  
  19  1:32  Orbital Command  
  19  1:36  Factory  
  20  1:46  Supply Depot  
  20  1:54  Reaper  
  20  1:57  SCV  
  21  2:09  SCV  
  22  2:20  Widow Mine  
  22  2:22  Starport  
  24  2:24  SCV  
  25  2:34  Barracks Reactor  
  25  2:38  SCV  
  26  2:45  Command Center, Widow Mine  
  28  2:51  Supply Depot  
  28  2:53  SCV  
  29  2:59  Medivac  
  31  3:12  Marine x2  
  31  3:13  SCV, Widow Mine  
  36  3:20  Armory  
  36  3:27  SCV  
  37  3:34  Factory Tech Lab  
  37  3:35  Starport Tech Lab  
  37  3:36  Marine x2  
  39  3:56  SCV, Marine x2, Siege Tank  
  45  4:08  SCV  
  46  4:14  Orbital Command, Marine x2  
  44  4:21  SCV  
  44  4:28  Siege Tank  
  47  4:33  SCV, Barracks  
  46  4:41  SCV, Marine x2  
  46  4:45  SCV  
  48  4:50  Supply Depot  
  46  4:53  Raven, SCV  
  46  4:59  Marine  
  50  5:00  SCV, Bunker  
  50  5:05  Siege Tank  
  54  5:11  Supply Depot, SCV  
  54  5:13  SCV  
  56  5:17  Marine  
  56  5:23  SCV  
  56  5:25  SCV  
  58  5:35  SCV  
  58  5:37  SCV  
  58  5:40  Supply Depot, Refinery, Marine x2, Engineering Bay  
  58  5:42  Starport Reactor, Stimpack  
  62  5:43  Marine  
  62  5:48  SCV  
  64  5:51  SCV, Barracks  
  65  5:57  Marine x2  
  65  5:59  Siege Tank  
  65  6:00  SCV  
  65  6:03  SCV  
  67  6:11  Marine  
  67  6:12  SCV  
  67  6:15  Marine x2  
  67  6:16  SCV  
  68  6:24  SCV  
  69  6:28  SCV, Refinery  
  69  6:29  Marine  
  69  6:30  Terran Infantry Weapons Level 1  
  71  6:33  Marine x2  
  71  6:36  SCV  
  73  6:45  SCV  
  74  6:50  SCV  
  74  6:51  Marine x2  
  74  6:53  Marine  
  77  7:00  Marine  
  78  7:02  Factory Reactor  
  78  7:03  Command Center  
  78  7:05  Combat Shield  
  78  7:08  Supply Depot  
  78  7:10  Supply Depot, SCV  
  78  7:11  Marine  
  78  7:16  Supply Depot  
  78  7:31  SCV, Marine x3, Barracks, Medivac x2  
  78  7:32  Barracks  
  78  7:35  SCV  
  87  7:37  Refinery  
  87  7:41  Widow Mine x2  
  87  7:43  SCV  
  92  7:48  Supply Depot, SCV  
  93  7:52  Marine, Marauder  
  93  7:53  Marine, Marauder  
  93  7:55  SCV  
  93  7:57  Supply Depot  
  100  8:01  Supply Depot  
  100  8:05  Widow Mine  
  102  8:10  SCV, Marine, Widow Mine, Medivac  
  102  8:11  SCV  
  109  8:15  Marauder  
  110  8:20  Barracks Tech Lab, Barracks Reactor  
  110  8:22  SCV  
  110  8:24  Marine  
  110  8:25  Marauder  
  114  8:30  Marine  
  114  8:31  SCV  
  116  8:36  Marauder  
  116  8:38  SCV  
  116  8:39  Terran Infantry Armor Level 1  
  116  8:40  Marauder  
  119  8:42  Marine  
  119  8:43  SCV  
  121  8:50  SCV, Viking x2  
  121  8:53  Missile Turret  
  125  8:57  Marine  
  125  8:58  Marauder  
  125  9:00  Marine, Marauder  
  125  9:01  Widow Mine x2  
  132  9:04  Marine, Marauder  
  132  9:07  SCV  
  132  9:09  SCV  
  133  9:14  Marine  
  133  9:16  Orbital Command  
  134  9:19  Marauder  
  134  9:20  Marine  
  134  9:21  Marauder  
  134  9:24  SCV x2  
  138  9:25  Marine  
  138  9:27  Marauder  
  139  9:37  Marine  
  139  9:38  Marine, Ghost Academy  
  140  9:45  SCV x3, Marauder  
  146  9:48  Marine  
  146  9:49  Marauder  
  143  9:53  Marine, Marauder  
  143  9:54  Marine  
  143  9:56  Marine  
  143  9:57  SCV x2  
  148  10:04  SCV  
  148  10:06  Marine, Marauder  
  147  10:10  Marauder  
  147  10:11  SCV, Marine  
  147  10:16  Marine, Marauder  
  147  10:18  Marine  
  147  10:24  Marine  
  147  10:25  SCV  
  147  10:28  Marauder  
  146  10:31  Marauder, Widow Mine x2  
  146  10:35  Command Center  
  146  10:37  SCV  
  146  10:38  SCV  
Show
View Real Time Build Order
Export as new Build Order

MaxPax Protoss - Winner!

Build Orders: 1 Gate Expand, Blink Stalkers 

Get SALT Encoding   

  12  0:00  Probe  
  13  0:12  Probe  
  14  0:18  Pylon  
  14  0:24  Probe  
  15  0:36  Gateway  
  15  0:39  Probe (Chrono Boost)  
  16  0:49  Assimilator, Probe (Chrono Boost)  
  17  0:54  Probe (Chrono Boost)  
  18  1:05  Probe  
  19  1:17  Probe  
  20  1:24  Cybernetics Core  
  20  1:33  Nexus  
  20  1:40  Pylon  
  20  1:43  Probe  
  21  1:49  Assimilator  
  21  1:55  Probe  
  21  1:57  Adept (Chrono Boost)  
  21  2:01  Warp Gate  
  24  2:07  Probe  
  25  2:18  Adept (Chrono Boost)  
  25  2:19  Probe  
  28  2:28  Twilight Council  
  28  2:31  Probe  
  29  2:38  Gateway  
  29  2:43  Stalker  
  31  2:49  Probe (Chrono Boost)  
  31  2:50  Probe (Chrono Boost)  
  33  3:00  Blink (Chrono Boost)  
  33  3:02  Probe (Chrono Boost)  
  33  3:04  Probe (Chrono Boost)  
  35  3:07  Probe (Chrono Boost)  
  35  3:11  Probe  
  37  3:17  Probe  
  38  3:24  Probe  
  38  3:26  Robotics Facility  
  37  3:29  Probe  
  37  3:30  Gateway  
  37  3:34  Pylon  
  38  3:36  Probe  
  40  3:41  Probe  
  40  3:48  Probe  
  41  3:49  Stalker x2  
  41  3:53  Probe  
  46  3:57  Pylon  
  46  3:59  Assimilator  
  46  4:01  Probe  
  47  4:14  Probe  
  44  4:25  Stalker x2  
  44  4:29  Observer (Chrono Boost)  
  49  4:32  Probe  
  49  4:38  Probe  
  49  4:44  Warp Prism (Chrono Boost), Probe  
  46  4:51  Probe  
  49  4:58  Probe  
  50  5:03  Probe  
  50  5:04  Stalker x2  
  50  5:06  Stalker  
  57  5:10  Pylon  
  57  5:12  Probe  
  58  5:15  Observer  
  58  5:17  Probe  
  58  5:19  Pylon  
  59  5:25  Probe  
  60  5:35  Stalker  
  60  5:36  Stalker x2  
  60  5:38  Probe  
  67  5:46  Nexus  
  67  5:48  Observer  
  67  6:00  Probe  
  68  6:07  Probe  
  69  6:12  Probe  
  64  6:19  Stalker x3, Probe  
  64  6:24  Observer, Probe  
  66  6:27  Charge  
  66  6:31  Probe  
  67  6:33  Robotics Bay  
  67  6:36  Assimilator, Probe  
  66  6:44  Probe  
  66  6:46  Stalker x3  
  73  6:48  Probe (Chrono Boost)  
  74  6:56  Probe (Chrono Boost)  
  74  7:00  Probe (Chrono Boost)  
  77  7:02  Pylon  
  77  7:05  Probe (Chrono Boost)  
  77  7:06  Probe (Chrono Boost)  
  77  7:07  Probe (Chrono Boost)  
  79  7:10  Probe (Chrono Boost)  
  79  7:11  Probe  
  79  7:14  Gateway, Observer  
  79  7:15  Probe  
  81  7:16  Sentry  
  81  7:17  Gateway  
  81  7:18  Colossus (Chrono Boost)  
  81  7:19  Gateway  
  90  7:24  Probe  
  90  7:27  Shield Battery, Probe  
  93  7:30  Forge  
  93  7:34  Extended Thermal Lance  
  93  7:35  Pylon  
  92  7:39  Gateway  
  92  7:41  Probe x2  
  92  7:42  Probe  
  95  7:45  Gateway  
  95  7:49  Gateway, Stalker  
  95  7:51  Stalker  
  99  7:58  Colossus (Chrono Boost)  
  99  8:00  Observer  
  99  8:03  Pylon  
  105  8:09  Protoss Ground Weapons Level 1  
  105  8:13  Nexus  
  105  8:23  Zealot x3  
  105  8:24  Zealot  
  105  8:25  Pylon  
  113  8:30  Pylon  
  112  8:39  Pylon  
  112  8:40  Photon Cannon  
  112  8:41  Pylon  
  112  8:45  Colossus (Chrono Boost)  
  112  8:47  Zealot x2, Sentry  
  118  9:05  Zealot x6  
  130  9:11  Probe x2  
  126  9:18  Stalker, Photon Cannon  
  126  9:19  Stalker x2  
  128  9:34  Observer (Chrono Boost)  
  128  9:36  Dark Shrine  
  128  9:37  Forge  
  128  9:39  Probe x4  
  128  9:41  Shield Battery  
  128  9:42  Zealot x5  
  142  9:51  Probe x2  
  138  9:56  Zealot x4  
  140  10:07  Zealot x3  
  140  10:10  Zealot  
  140  10:11  Zealot  
  146  10:24  Nexus  
  146  10:27  Zealot x2  
  146  10:28  Zealot x4  
  150  10:44  Zealot x3  
  150  10:45  Probe x3  
Tags
 
Add a new tag
Caveats
  • Supply blocks, unpowered buildings, or Contaminate may cause inaccurate times.
  • Supply counts are checked every 10 seconds.